 Dungeon Crawl Stone Soup version 0.20-a0-823-gdec668e (webtiles) character file.

7569 Amciq the Blocker (level 10, 0/136 HPs)
             Began as a Minotaur Fighter on Mar 5, 2017.
             Was a Believer of Makhleb.
             Slain by an unseen horror (7 damage)
             ... on level 10 of the Dungeon.
             The game lasted 00:28:03 (8826 turns).

Amciq the Blocker (Minotaur Fighter)                Turns: 8826, Time: 00:28:04

Health: 0/136      AC: 25    Str: 21    XL:     10   Next: 97%
Magic:  10/10      EV:  2    Int:  5    God:    Makhleb [**....]
Gold:   242        SH: 17    Dex: 13    Spells: 9/9 levels left

rFire    . . .     SeeInvis .   z - +2 hand axe "Yshi" {flame, +Fly rN++ Str-2 Dex+4}
rCold    . . .     Gourm    +   (armour currently unavailable)
rNeg     + + +     Faith    .   v - +0 large shield
rPois    +         Spirit   .   (helmet currently unavailable)
rElec    .         Reflect  .   (cloak currently unavailable)
rCorr    .         Harm     .   (gloves currently unavailable)
MR       .....     Clarity  +   (boots currently unavailable) Stlth +.........NoTele +
                                c - amulet of the gourmand
Regen    0.4/turn               (no ring)
MPRegen  0.2/turn               (no ring)

@: tree-form
A: (retaliatory headbutt), (horns 0), clarity, clumsy 1, low mp 1
a: Minor Destruction, Renounce Religion


You were on level 10 of the Dungeon.
You worshipped Makhleb.
Makhleb was pleased with you.
You were not hungry.
You were a tree.
You visited 2 branches of the dungeon, and saw 11 of its levels.

You collected 446 gold pieces.
You spent 176 gold pieces at shops.
You donated 28 gold pieces to Zin.

Inventory:

Hand Weapons
 a - a +4 hand axe
 z - the +2 hand axe "Yshi" (weapon) {flame, +Fly rN++ Str-2 Dex+4}
   (You bought it in a shop on level 7 of the Dungeon)

   It has been specially enchanted to burn those struck by it, causing extra
   injury to most foes and up to half again as much damage against particularly
   susceptible opponents.
   Big, fiery blades are also staple armaments of hydra-hunters.
   It affects your strength (-2).
   It affects your dexterity (+4).
   It greatly protects you from negative energy.
   It lets you fly.
Armour
 i - a scarf of cold resistance
 p - a +2 pair of gloves (melded)
 q - a +2 cloak (melded)
 r - a +0 plate armour (melded)
 v - a +0 large shield (worn)
 x - a +0 pair of boots (melded)
Jewellery
 c - an amulet of the gourmand (around neck)
 A - an uncursed ring of flight
Wands
 d - a wand of acid (10/15)
 t - a wand of flame (11/48)
 C - a wand of lightning (9/15)
 D - a wand of paralysis (11/24)
 E - a wand of polymorph (12/24)
Scrolls
 e - 3 scrolls of teleportation
 g - 3 scrolls of remove curse
 j - 5 scrolls of identify
 l - 2 scrolls of fog
 m - 2 scrolls of blinking {unknown}
 y - a scroll of brand weapon {unknown}
Potions
 h - 3 potions of cancellation
 n - 3 potions of mutation
 s - 2 potions of curing
 B - a potion of haste {unknown}
Comestibles
 f - 5 bread rations
 k - 4 meat rations
 o - a fruit
 u - 3 royal jellies


   Skills:
 * Level 9.4 Fighting
 * Level 9.2 Axes
 * Level 9.6 Armour
 + Level 5.4 Dodging
 * Level 9.8 Shields
 + Level 5.7 Unarmed Combat
 + Level 3.1 Invocations


You had 9 spell levels left.
You didn't know any spells.

Dungeon Overview and Level Annotations

Branches:
Dungeon (10/15)            Temple (1/1) D:6
   Lair: D:8-11         Orc: D:9-12

Altars:
Ashenzari
Cheibriados
Dithmenos
Elyvilon
Fedhas
Gozag
Hepliaklqana
Kikubaaqudgha
Makhleb
Nemelex Xobeh
Okawaru
Qazlal
Ru
Sif Muna
Trog
Uskayaw
Vehumet
Wu Jian
Xom
Yredelemnul
Zin
The Shining One
Lugonu

Shops:
D:4 (   D:6 (   D:7 (


Innate Abilities, Weirdness & Mutations

((You reflexively headbutt those who attack you in melee.))
((You have a pair of horns on your head.))
You possess an exceptional clarity of mind.
You are clumsy. (Dex -2)
Your magical capacity is low. (-10% MP)


Message History

* * * LOW HITPOINT WARNING * * *
Something hits you but does no damage.
Something hits you but does no damage. x2
You turn into a tree.
Your +2 cloak melds into your body.
Your +2 pair of gloves melds into your body.
Your +0 pair of boots melds into your body.
Your +0 plate armour melds into your body.
Your roots penetrate the ground.
Something hits you but does no damage.
You are too injured to fight recklessly!
You are too injured to fight recklessly!
You are too injured to fight recklessly!
You cannot move.
You cannot move.
You cannot move.
You swing at nothing.
You slash something! You burn something.
Something hits you but does no damage. x2
You hit something. You burn something. Something hits you.
* * * LOW HITPOINT WARNING * * *
You swing at nothing.
Something hits you!
You die...

.....# ......# #.....#
#########+##.....#
#.........##.....#
#................#
########...............#
###.....##...............#
#.........♣..............#
#.......#########)##.....#
#.......#..........#.....#
#.......#..........#######
#.......#..........#
#.......#........%.#
#.......'..........#
#.......#..........#
#+#######..........#


There were no monsters in sight!

Vanquished Creatures
  3 two-headed ogres
  Joseph (D:7)
  The ghost of Geoffrax the Slasher, a novice DgGl (D:4)
  A troll (D:9)
  Grinder (D:3)
  Sigmund (D:3)
  Eustachio (D:4)
  5 yaks (D:9)
  A hungry ghost (D:9)
  Edmund (D:5)
  6 ice beasts
  3 sky beasts
  8 ogres
  A centaur (D:7)
  A crocodile (D:7)
  A big kobold (D:7)
  3 bullfrogs
  2 scorpions
  4 wights (D:4)
  A howler monkey (D:5)
  A crimson imp (D:8)
  A bullfrog zombie (D:9)
  A centaur zombie (D:8)
  A jelly (D:5)
  2 orc priests
  A gnoll shaman (D:5)
  2 hounds (D:8)
  2 bullfrog skeletons
  Crazy Yiuf (D:2)
  A centaur skeleton (D:8)
  6 orc wizards
  Natasha (twice) (D:3)
  An iguana (D:5)
  5 worker ants
  A killer bee zombie (D:5)
  A hound skeleton (D:6)
  A hound zombie (D:7)
  19 gnolls
  11 adders
  A shadow imp (D:6)
  An ooze (D:2)
  2 adder zombies
  An adder skeleton (D:5)
  5 worms
  2 dart slugs
  5 leopard geckos
  16 orcs
  2 ball pythons
  7 bats
  6 giant cockroaches
  3 goblins
  5 hobgoblins
  9 jackals
  3 frilled lizards
  A jackal skeleton (D:5)
  17 kobolds
  A leopard gecko skeleton (D:4)
  A leopard gecko zombie (D:9)
  13 rats
207 creatures vanquished.

Notes
Turn   | Place    | Note
-------+----------+-------------------------------------------
     0 | D:1      | Amciq the Minotaur Fighter began the quest for the Orb.
     0 | D:1      | Reached XP level 1. HP: 19/19 MP: 0/0
   242 | D:1      | Reached XP level 2. HP: 24/27 MP: 1/1
   641 | D:2      | Reached XP level 3. HP: 33/33 MP: 2/2
   763 | D:2      | Reached skill level 1 in Dodging
   950 | D:2      | Found a runed door.
   954 | D:2      | Noticed Crazy Yiuf
   960 | D:2      | Killed Crazy Yiuf
   960 | D:2      | Reached XP level 4. HP: 37/40 MP: 3/3
  1314 | D:2      | Found a deep blue altar of Sif Muna.
  1389 | D:3      | Noticed Sigmund
  1402 | D:3      | Killed Sigmund
  1402 | D:3      | Reached skill level 5 in Shields
  1402 | D:3      | Reached skill level 1 in Unarmed Combat
  1402 | D:3      | Reached XP level 5. HP: 11/47 MP: 4/4
  1402 | D:3      | Reached XP level 6. HP: 13/55 MP: 5/5
  1645 | D:3      | Noticed Grinder
  1652 | D:3      | Paralysed by Grinder for 4 turns
  1661 | D:3      | Killed Grinder
  1661 | D:3      | Reached skill level 5 in Fighting
  1661 | D:3      | Reached skill level 5 in Armour
  2209 | D:3      | Noticed Natasha
  2215 | D:3      | Killed Natasha
  2223 | D:3      | Noticed Natasha
  2228 | D:3      | Killed Natasha
  2228 | D:3      | Reached XP level 7. HP: 53/61 MP: 6/6
  2402 | D:4      | Noticed Eustachio
  2416 | D:4      | Noticed Geoffrax's ghost (novice DgGl)
  2422 | D:4      | Killed Eustachio
  2810 | D:4      | HP: 1/61 [ogre/giant spiked club (22)]
  2813 | D:4      | Reached skill level 5 in Axes
  3181 | D:4      | Killed Geoffrax's ghost
  3181 | D:4      | Reached XP level 8. HP: 46/70 MP: 7/7
  3278 | D:4      | Found Hecel's Antique Weapon Emporium.
  3534 | D:4      | Found a hide-covered altar of Uskayaw.
  3779 | D:5      | Entered Level 5 of the Dungeon
  3779 | D:5      | Found an ornate altar of the Wu Jian Council.
  3884 | D:5      | Noticed Edmund
  3887 | D:5      | Gained mutation: You are agile. (Dex +2) [potion of mutation]
  3887 | D:5      | Gained mutation: You are very agile. (Dex +4) [potion of mutation]
  3900 | D:5      | Killed Edmund
  4342 | D:5      | Reached XP level 9. HP: 72/79 MP: 8/8
  5149 | D:6      | Found Nozulo's Antique Weapon Boutique.
  5233 | D:6      | Found a staircase to the Ecumenical Temple.
  5241 | Temple   | Entered the Ecumenical Temple
  5276 | Temple   | Became a worshipper of Zin the Law-Giver
  5276 | Temple   | Reached * piety under Zin
  6073 | D:7      | Reached ** piety under Zin
  6114 | D:7      | Found a burning altar of Makhleb.
  6130 | D:7      | Noticed Joseph
  6156 | D:7      | Reached skill level 1 in Invocations
  6193 | D:7      | Killed Joseph
  6392 | D:7      | Fell from the grace of Zin
  6392 | D:7      | Became a worshipper of Makhleb the Destroyer
  6538 | D:7      | Found Kemaonwy's Antique Weapon Boutique.
  6541 | D:7      | Bought a fine hand axe for 176 gold pieces
  6541 | D:7      | Identified the +2 hand axe "Yshi" {flame, +Fly rN++ Str-2 Dex+4} (You bought it in a shop on level 7 of the Dungeon)
  6942 | D:8      | Reached * piety under Makhleb
  7041 | D:8      | Reached XP level 10. HP: 83/88 MP: 10/10
  7067 | D:8      | Found a blossoming altar of Fedhas.
  7141 | D:8      | Reached skill level 5 in Unarmed Combat
  7172 | D:8      | Noticed a two-headed ogre
  7181 | D:8      | Killed a two-headed ogre
  7220 | D:8      | Found a sacrificial altar of Ru.
  7729 | D:9      | Noticed a two-headed ogre
  7739 | D:9      | Killed a two-headed ogre
  7739 | D:9      | Reached skill level 5 in Dodging
  7852 | D:9      | Found a shadowy altar of Dithmenos.
  7852 | D:9      | Found a hazy altar of Hepliaklqana.
  7873 | D:9      | Found a shattered altar of Ashenzari.
  7875 | D:9      | Found a snail-covered altar of Cheibriados.
  7877 | D:9      | Found a white marble altar of Elyvilon.
  7884 | D:9      | Lost mutation: You are very agile. (Dex +4) [the wrath of Zin]
  7884 | D:9      | Lost mutation: You are agile. (Dex +2) [the wrath of Zin]
  8069 | D:9      | Found a sparkling altar of Nemelex Xobeh.
  8069 | D:9      | Found a basalt altar of Yredelemnul.
  8132 | D:9      | Gained mutation: You are clumsy. (Dex -2) [mutagenic meat]
  8133 | D:9      | Gained mutation: Your magical capacity is low. (-10% MP) [mutagenic meat]
  8134 | D:9      | Gained mutation: You possess an exceptional clarity of mind. [mutagenic meat]
  8209 | D:9      | Reached ** piety under Makhleb
  8340 | D:9      | Found a radiant altar of Vehumet.
  8344 | D:9      | Found a bloodstained altar of Trog.
  8356 | D:9      | Found a blossoming altar of Fedhas.
  8604 | D:9      | Got an ancient falchion
  8605 | D:9      | Identified the cursed +1 falchion of Resourcefulness {venom, rC+ Dex+6} (You found it on level 9 of the Dungeon)
  8706 | D:10     | Entered Level 10 of the Dungeon
  8743 | D:10     | Noticed a two-headed ogre
  8770 | D:10     | Killed a two-headed ogre
  8825 | D:10     | HP: 6/136 [something (4)]
  8826 | D:10     | Slain by an unseen horror

Vault maps used:
D:1:      dpeg_arrival_castle, st_stairs_14
D:2:      marbit_many_paths, kennysheep_generic_room_5, uniq_crazy_yiuf_cottage
D:3:      first_bread, uniq_sigmund, uniq_natasha, uniq_grinder
D:4:      nicolae_overflow_crystal_walls, serial_shops,
          nicolae_shop_overgrown_old_shop, uniq_eustachio
D:5:      overflow_temple_1_default, minmay_misc_feat_enclosed, uniq_edmund
D:6:      minmay_temple_entry_statues, serial_shops, shop,
          hangedman_abyss_or_decor_stabs, nicolae_zen_rock_garden
D:7:      lemuel_doored_altar, serial_shops, kennysheep_mini,
          minmay_item_behind_shaft, uniq_joseph
D:8:      kennysheep_mini_moat, basic_altar
D:9:      minmay_weird_star, grunt_temple_overflow_open,
          chequers_temple_overflow_minitemple, minmay_overflow_temple_star_quad
D:10:     dpeg_oklobed_lair, kennysheep_orc_monster_closet_entryway
Temple:   corrupted_temple

Skill      XL: |  1  2  3  4  5  6  7  8  9 10 |
---------------+-------------------------------+-----
Fighting       | 4 5 6 7 8 9 |  9.4
Shields        | 4 5 6 7 8 9 |  9.8
Dodging        | 1 2 3 4 5 |  5.4
Axes           | 3 4 5 6 8 9 |  9.2
Armour         | 4 5 6 7 8 9 |  9.6
Unarmed Combat | 1 2 3 4 5 |  5.7
Invocations    | 1 3 |  3.1

Action                   |  1- 3 |  4- 6 |  7- 9 | 10-12 || total
-------------------------+-------+-------+-------+-------++-------
Melee: War axe           |    63 |    63 |   123 |       ||   249
       Headbutt          |    16 |    14 |    79 |    38 ||   147
       Hand axe          |       |       |   253 |   157 ||   410
Invok: Recite            |       |       |     1 |       ||     1
       Vitalisation      |       |       |     1 |       ||     1
       Minor Destruction |       |       |       |     7 ||     7
 Abil: Evoke Flight      |       |       |       |     1 ||     1
  Use: Potion            |       |     2 |     6 |     4 ||    12
       Scroll            |       |     3 |     6 |     1 ||    10
  Eat: Chunk             |       |     4 |    32 |    13 ||    49
Armor: Scale mail        |    28 |    20 |    78 |    15 ||   141
       Skin              |       |       |    10 |     3 ||    13
       Plate armour      |       |       |       |    86 ||    86
Dodge: Dodged            |    18 |    23 |    85 |    26 ||   152
Block: Shield            |    44 |    27 |    83 |       ||   154
       Large shield      |       |       |   183 |   127 ||   310
